 Dungeon Crawl Stone Soup version 0.27-a0-1140-g099f9bb0e8 (webtiles) character file.

Game seed: 3053949017208091620

58 heikuro the Skirmisher (level 4, -1/36 HPs)
             Began as a Formicid Abyssal Knight on May 9, 2021.
             Was a Follower of Lugonu.
             Succumbed to a kobold brigand's poison
             ... on level 3 of the Dungeon.
             The game lasted 00:03:52 (2183 turns).

heikuro the Skirmisher (Formicid Abyssal Knight)    Turns: 2183, Time: 00:03:53

Health: -1/36      AC:  8    Str: 17    XL:     4   Next: 20%
Magic:  6/6        EV:  7    Int: 12    God:    Lugonu [*.....]
Gold:   93         SH:  5    Dex: 10    Spells: 3/3 levels left

rFire    . . .     SeeInvis +   a - +1 hand axe
rCold    . . .     Faith    .   (no shield)
rNeg     . . .     Spirit   .   p - +0 chain mail
rPois    .         Reflect  +   (helmet unavailable)
rElec    .         Harm     .   (no cloak)
rCorr    .         Rampage  .   (no gloves)
Will     .....                  (no boots)
Stlth    ..........             b - amulet of reflection
HPRegen  0.12/turn              (no ring)
MPRegen  0.10/turn              (no ring)

@: mighty, lethally poisoned (-1 -> -16)
A: permanent stasis, dig shafts and tunnels, antennae 3, four strong arms
a: Dig, Shaft Self, Renounce Religion, Depart the Abyss


You were on level 3 of the Dungeon.
You worshipped Lugonu.
Lugonu was aware of your devotion.
You visited 1 branch of the dungeon, and saw 3 of its levels.
You visited the Abyss 1 time.

You collected 93 gold pieces.

Inventory:

Hand Weapons
 a - a +1 hand axe (weapon)
 n - a +2 dagger of electrocution
Missiles
 g - 2 throwing nets
 k - 5 javelins
Armour
 p - a +0 chain mail (worn)
Jewellery
 b - an amulet of reflection (around neck)
Wands
 r - a wand of polymorph (9)
Scrolls
 c - a scroll of torment {unknown}
 f - a scroll of blinking {unknown}
 j - a scroll of fog {unknown}
 o - a scroll of enchant weapon {unknown}
 q - a scroll of identify {unknown}
Potions
 e - a potion of flight {unknown}
 h - a potion of lignification {unknown}
 i - a potion of invisibility {unknown}
 l - a potion of ambrosia {unknown}
 m - a potion of brilliance {unknown}


   Skills:
 + Level 3.6 Fighting
 * Level 2.9 Axes
 + Level 2.6 Armour
 + Level 1.4 Dodging
 + Level 2.8 Invocations


You had 3 spell levels left.
You didn't know any spells.
Your spell library contained the following spells:

 Spells                   Type           Power      Damage    Failure   Level
 Animate Skeleton         Necr           0%         N/A       99%         1
 Apportation              Tloc           0%         N/A       99%         1
 Corona                   Hex            0%         N/A       99%         1
 Magic Dart               Conj           0%         1d3       99%         1
 Summon Small Mammal      Summ           0%         N/A       99%         1
 Searing Ray              Conj           0%         3d3       100%        2
 Dazzling Flash           Conj/Hex       0%         N/A       100%        3
 Fulminant Prism          Conj/Hex       0%         3d6       100%        4
 Iskenderun's Mystic Bla  Conj/Tloc      0%         2d3       100%        4


Dungeon Overview and Level Annotations

Branches:
Dungeon (3/15)

Altars:
Kikubaaqudgha


Innate Abilities, Weirdness & Mutations

You cannot be hasted, slowed, berserked, paralysed or teleported.
You can dig through walls and to a lower floor.
You have a pair of large antennae on your head. (SInv)
Your four strong arms can wield two-handed weapons with a shield.


Message History

You reflect the poisoned dart off an invisible shield around you!
The poisoned dart hits the kobold brigand!
The kobold brigand is poisoned.
The kobold brigand throws a poisoned dart.
The poisoned dart barely misses you.
The teleport trap disappears.
The kobold brigand disappears!
The teleport trap disappears.
The endoplasm disappears!
The kobold brigand throws a poisoned dart.
The poisoned dart hits you!
You are poisoned.
You feel very sick.
The kobold brigand looks more healthy.
The kobold brigand throws a poisoned dart.
The poisoned dart hits you!
You are more poisoned.
You feel very sick.
The kobold brigand throws a poisoned dart.
The poisoned dart hits you!
You are more poisoned.
You feel very sick.
You feel very sick.
The kobold brigand throws a poisoned dart.
The poisoned dart hits you!
You are lethally poisoned!
There is an ancient bone altar of Kikubaaqudgha here.
You feel very sick.
You are too injured to fight recklessly!
You are too injured to fight recklessly!
Unknown command.
You feel very sick.
The kobold brigand throws a poisoned dart.
The poisoned dart hits you!
You are more poisoned.
* * * LOW HITPOINT WARNING * * *
You feel very sick.
* * * LOW HITPOINT WARNING * * *
You feel very sick.
It was a potion of might.
You feel very mighty all of a sudden.
You die... ...# ... ............ ...# ####^####...[......# ..J# ##. #.......#....>....# Sr...

...#.......#.........#
# #.?.
#.#....$..#.(.......##.
..
#....._...#.........#..
.
#.#.......#...........#
#.rK....#..........## {
#...@...#..#.###...<#
...####.####....#
#..... #..............#
#.#..†
##.#........>..##..#...
#...##.##.....#..##...
...... #..........#
#... .....#
####.....### #... .....
##...... #... ..:..
#....... ####


You could see a kobold brigand and a rat.

Vanquished Creatures
  An adder (D:2)
  A worm (D:2)
  2 dart slugs (D:2)
  4 bats (D:2)
  An endoplasm (D:1)
  2 giant cockroaches
  7 goblins
  2 hobgoblins (D:1)
  3 jackals (D:1)
  2 quokkas
  4 ball pythons
  5 frilled lizards
  5 kobolds
  3 rats
42 creatures vanquished.

Notes
Turn   | Place    | Note
-------+----------+-------------------------------------------
     0 | Abyss:1  | heikuro the Formicid Abyssal Knight began the quest for the
                  | Orb.
     0 | Abyss:1  | Reached XP level 1. HP: 18/18 MP: 2/2
    92 | Abyss:1  | Noticed a starcursed mass
    93 | D:1      | Escaped the Abyss
   238 | D:1      | Reached skill level 1 in Dodging
   239 | D:1      | Reached XP level 2. HP: 11/24 MP: 3/3
   245 | D:1      | Reached * piety under Lugonu
  1166 | D:2      | Reached XP level 3. HP: 29/29 MP: 4/4
  1507 | D:2      | Reached XP level 4. HP: 35/36 MP: 6/6
  2158 | D:3      | Found an ancient bone altar of Kikubaaqudgha.
  2158 | D:3      | Noticed a kobold brigand
  2183 | D:3      | Succumbed to a kobold brigand's poison

Illustrated notes

Levels and vault maps discovered:
D:1:      minmay_arrival_four_houses, layout_basic, kennysheep_flooded_box,
          minmay_split_cup_small
D:2:      layout_basic, minmay_close_crescents
D:3:      layout_rooms, lemuel_tele_altar,
          shapermc_ecumenical_altar_mp_ritualfount

Skill      XL: |  1 |
---------------+----+-----
Dodging        | 1 |  1.4
Fighting       | |  3.6
Axes           | |  2.9
Armour         | |  2.6
Invocations    | |  2.8

Action                   |  1- 3 |  4- 6 || total
-------------------------+-------+-------++-------
Melee: Hand axe          |   115 |    19 ||   134
Invok: Depart the Abyss  |     1 |       ||     1
  Use: Potion            |       |     1 ||     1
Armor: Leather armour    |    10 |       ||    10
       Scale mail        |    29 |       ||    29
       Chain mail        |       |    16 ||    16
Dodge: Dodged            |    60 |     7 ||    67
Block: Other             |    14 |     6 ||    20
       Reflection        |       |     1 ||     1

Table legend: (Time is in decaauts)
 A = Elapsed time spent in this place.
 B = Non-inter-level travel time spent in this place.
 C = Inter-level travel time spent in this place.
 D = Time resting spent in this place.
 E = Time spent auto-exploring this place.
 F = Levels seen in this place.
 G = Mean time per level.
                   A        B        C        D        E       F      G
               +--------+--------+--------+--------+--------+-----+--------+
         Total |   2207 |   2103 |    104 |    247 |   1350 |   4 |  551.8 |
       Dungeon |   2114 |   2010 |    104 |    247 |   1273 |   3 |  704.7 |
         Abyss |     93 |     93 |      0 |      0 |     77 |   1 |   93.0 |
               +--------+--------+--------+--------+--------+-----+--------+

Top non-repeatable levels by time:
     D:1: 1078 daAuts
     D:2: 977 daAuts
 Abyss:1: 93 daAuts
     D:3: 58 daAuts
